 Dungeon Crawl Stone Soup version 0.28-a0-1493-g08698888e4 (webtiles) character file.

Game seed: 17803897420844267315

1281 bande the Chopper (level 8, -2/50 HPs)
             Began as a Gargoyle Fighter on Jan 13, 2022.
             Was a Follower of Okawaru.
             Slain by a troll (3 damage)
             ... on level 6 of the Dungeon.
             The game lasted 00:14:55 (7186 turns).

bande the Chopper (Gargoyle Fighter)                Turns: 7186, Time: 00:14:55

Health: -2/50      AC: 23    Str: 19    XL:     8   Next: 54%
Magic:  10/10      EV:  7    Int: 10    God:    Okawaru [*.....]
Gold:   264        SH:  0    Dex: 11    Spells: 7/7 levels left

rFire   . . .      SeeInvis .   a - +0 war axe
rCold   . . .      Faith    .   c - +0 buckler
rNeg    + . .      Spirit   .   i - +0 chain mail
rPois   ∞          Reflect  .   j - +1 helmet
rElec   +          Harm     .   t - +2 cloak
rCorr   +          Rampage  .   m - +1 pair of gloves of Kyumeank {rCorr}
Will    .....                   (no boots)
Stlth   ..........              (no amulet)
HPRegen 0.16/turn               (no ring)
MPRegen 0.12/turn               (no ring)

@: confused, ambrosia-drunk
A: sickness immunity, AC +5, negative energy resistance 1, electricity
resistance, torment resistance 1, petrification resistance
a: Renounce Religion, Heroism


You were on level 6 of the Dungeon.
You worshipped Okawaru.
Okawaru was aware of your devotion.
You visited 2 branches of the dungeon, and saw 7 of its levels.

You collected 264 gold pieces.

Inventory:

Hand Weapons
 a - a +0 war axe (weapon)
 r - a +0 flail
Armour
 c - a +0 buckler (worn)
 i - a +0 chain mail (worn)
 j - a +1 helmet (worn)
 m - the +1 pair of gloves of Kyumeank (worn) {rCorr}
   (You found it on level 3 of the Dungeon)

   rCorr:     It protects you from acid and corrosion.
 o - an orb of mayhem
 p - an orb of light
 t - a +2 cloak (worn)
Jewellery
 b - a ring of fire
 h - an amulet of the acrobat
 q - a ring of resist corrosion
 w - a ring of see invisible
Wands
 u - a wand of iceblast (3)
Potions
 d - a potion of might
 f - 3 potions of flight
 g - a potion of haste
 l - a potion of cancellation {unknown}
 n - a potion of brilliance {unknown}
 s - a potion of resistance {unknown}
 v - a potion of heal wounds {unknown}
 x - a potion of lignification {unknown}


   Skills:
 + Level 5.5 Fighting
 + Level 6.3 Axes
 + Level 5.5 Armour
 + Level 4.6 Shields
 * Level 2.8 Invocations
 * Level 1.8 Evocations


You had 7 spell levels left.
You didn't know any spells.
Your spell library contained the following spells:

 Spells                   Type           Power      Damage    Failure   Level
 Sandblast                Erth           0%         2d4       99%         1
 Passwall                 Tmut/Erth      0%         N/A       100%        2
 Stone Arrow              Conj/Erth      0%         3d7       100%        3
 Petrify                  Tmut/Erth      0%         N/A       100%        4
 Blade Hands              Tmut           0%         N/A       100%        5
 Irradiate                Conj/Tmut      0%         3d13      100%        5
 Metabolic Englaciation   Hex/Ice        0%         N/A       100%        5
 Dragon Form              Tmut           0%         N/A       100%        7
 Statue Form              Tmut/Erth      Unusable   N/A       N/A         6

Dungeon Overview and Level Annotations

Branches:
Dungeon (6/15)             Temple (1/1) D:4

Altars:
Ashenzari
Dithmenos
Elyvilon
Fedhas
Gozag
Hepliaklqana
Kikubaaqudgha
Nemelex Xobeh
Okawaru
Ru
Sif Muna
Trog
Uskayaw
Vehumet
Wu Jian
Xom
Yredelemnul
Zin
The Shining One

Shops:
D:1 *==[[


Innate Abilities, Weirdness & Mutations

You are immune to sickness and miasma.
Your stone body is resilient. (AC +5)
You are immune to poison.
You resist negative energy. (rN+)
You are resistant to electric shocks. (rElec)
You are resistant to unholy torment.
You are immune to petrification.


Message History

You hit the troll.
The troll is lightly wounded.
The troll bites you but does no damage. The troll completely misses you.
You block the troll's attack. The troll bites you. The troll barely misses you.
The troll claws you!
* * * LOW HITPOINT WARNING * * *
You closely miss the troll. The troll barely misses you. x2
The troll closely misses you.
You barely miss the troll. You block the troll's attack. The troll claws you.
* * * LOW HITPOINT WARNING * * *
The troll claws you but does no damage.
You are confused.
You feel invigorated. The troll closely misses you.
The troll barely misses you. The troll claws you but does no damage.
You bump into the stone wall.
The troll closely misses you. The troll claws you but does no damage.
The troll claws you!
* * * LOW HITPOINT WARNING * * *
You feel better.
You feel less invigorated. The troll barely misses you. x2
You block the troll's attack.
You feel better. The troll bites you but does no damage.
The troll claws you but does no damage. x2
You closely miss the troll. The troll bites you but does no damage.
The troll claws you but does no damage. x2
You slash the troll!
The troll is lightly wounded.
The troll bites you!
* * * LOW HITPOINT WARNING * * *
The troll claws you.
* * * LOW HITPOINT WARNING * * *
The troll claws you but does no damage. The troll bites you but does no damage.
The troll claws you but does no damage. x2
You hit the troll.
The troll is lightly wounded.
You block the troll's attack. The troll claws you but does no damage.
The troll closely misses you.
You are confused.
You feel invigorated. The troll barely misses you. The troll claws you!
* * * LOW HITPOINT WARNING * * *
The troll claws you.
You die...

## # #. # ##.# # #... #
##... # # ....## . #
#.#.#..# ...o. #
#.#.##T##$.......## #
#.....@.......o...# #
#.#.##.####.###.#.# #
#.#.##.##.........#
#....#....#.# #...##
##.>.........# #....###
####...........# #......##
#..............# ##.......
###............######......
#....###........###......


You could see a troll.

Vanquished Creatures
  A water moccasin (D:5)
  An ice beast (D:5)
  A necrophage (D:4)
  An ogre (D:6)
  A phantom (D:6)
  A kobold brigand (D:6)
  A scorpion (D:5)
  A centaur zombie (D:6)
  3 orc priests (D:4)
  3 hounds
  A centaur skeleton (D:4)
  2 iguanas (D:5)
  7 orc wizards
  5 gnolls
  7 adders
  2 howler monkey skeletons
  An ufetubus (D:4)
  4 dart slugs
  17 orcs
  9 ball pythons
  5 endoplasms
  2 giant cockroaches
  8 goblins
  12 hobgoblins
  3 quokkas
  6 bats
  A frilled lizard (D:3)
  6 kobolds
  7 rats
  A spectral orc (D:3)
120 creatures vanquished.

Vanquished Creatures (others)
  A fungus (D:5)
1 creature vanquished.

Grand Total: 121 creatures vanquished

Notes
Turn   | Place    | Note
-------+----------+-------------------------------------------
     0 | D:1      | bande the Gargoyle Fighter began the quest for the Orb.
     0 | D:1      | Reached XP level 1. HP: 14/14 MP: 1/1
   184 | D:1      | Reached XP level 2. HP: 18/19 MP: 2/2
   313 | D:1      | Found Mequaj's Jewellery Shop.
   352 | D:1      | Reached skill level 2 in Axes
   391 | D:1      | Found Buntol's Armour Emporium.
   418 | D:1      | Found a faded altar of an unknown god.
   485 | D:1      | Found Vopset's Armour Boutique.
   494 | D:1      | Reached XP level 3. HP: 24/24 MP: 3/3
   553 | D:1      | Found Xiysudghi's Assorted Antiques.
   598 | D:1      | Found Obokhli's Jewellery Shop.
  1221 | D:3      | Reached XP level 4. HP: 29/29 MP: 4/4
  1589 | D:3      | Found an ornate altar of the Wu Jian Council.
  1894 | D:3      | Reached skill level 3 in Axes
  2223 | D:3      | Found a basalt altar of Yredelemnul.
  2274 | D:3      | Identified the +1 pair of gloves of Kyumeank {rCorr}
  2535 | D:4      | Noticed a necrophage
  2545 | D:4      | Killed a necrophage
  2546 | D:4      | Reached XP level 5. HP: 32/33 MP: 5/5
  2704 | D:4      | Reached XP level 6. HP: 24/39 MP: 6/6
  2710 | D:4      | Reached skill level 4 in Axes
  3184 | D:4      | Found a shimmering blue altar of Sif Muna.
  3479 | D:4      | Reached XP level 7. HP: 38/44 MP: 7/7
  3627 | D:4      | Found an opulent altar of Gozag.
  3627 | D:4      | Found an ancient bone altar of Kikubaaqudgha.
  3627 | D:4      | Found a sparkling altar of Nemelex Xobeh.
  3689 | D:4      | Found a staircase to the Ecumenical Temple.
  3698 | Temple   | Entered the Ecumenical Temple
  3859 | Temple   | Became a worshipper of Warmaster Okawaru
  4315 | D:5      | Entered Level 5 of the Dungeon
  4323 | D:5      | Reached skill level 5 in Axes
  4358 | D:5      | Reached skill level 5 in Armour
  4358 | D:5      | Reached skill level 1 in Invocations
  4862 | D:5      | Reached skill level 5 in Fighting
  5077 | D:5      | Found a radiant altar of Vehumet.
  5131 | D:5      | Reached XP level 8. HP: 42/49 MP: 9/9
  5556 | D:5      | Found a hazy altar of Hepliaklqana.
  5586 | D:5      | Reached * piety under Okawaru
  6127 | D:6      | Reached skill level 1 in Evocations
  6204 | D:6      | Reached skill level 6 in Axes
  7140 | D:6      | Found a broken altar of Ashenzari.
  7170 | D:6      | Noticed a troll
  7186 | D:6      | HP: 1/50 [troll (7)]
  7186 | D:6      | Slain by a troll

Illustrated notes

Levels and vault maps discovered:
D:1:      dpeg_arrival_simpleton_c, layout_rooms,
          dreamdust_ecumenical_altar_sealed_demon, serial_shops,
          nicolae_square_shop, nicolae_shop_stone, nicolae_diamond_shop,
          nicolae_shop_statue_plus, nicolae_shop_behind_doors
D:2:      layout_rooms
D:3:      layout_loops_ring, yredelemnul_forgotten_temple_becter,
          nzn_wu_jian_council_hall, minmay_hedge_maze,
          chequers_serial_rivers_room_b
D:4:      layout_gridville, gammafunk_temple_overflow_claw,
          kennysheep_mini_moat, minmay_temple_entry_poolview
D:5:      layout_basic, vehumet_crystals, mainiacjoe_overflow_brackets,
          serial_aquarium, aquarium_bridge_straight [aquarium_subvault_bridge,
          aquarium_subvault_wall, aquarium_subvault_bridge,
          aquarium_subvault_window], aquarium_window_fake, aquarium_window_1,
          aquarium_window_corridor_2, aquarium_view_2c, aquarium_view_2d,
          aquarium_pool_corner
D:6:      layout_rooms, ashenzari_conservatory_becter
Temple:   grunt_temple_mini_profane

Skill      XL: |  1  2  3  4  5  6  7  8 |
---------------+-------------------------+-----
Axes           | 2 3 4 5 6 |  6.3
Fighting       | 4 5 |  5.5
Armour         | 4 5 |  5.5
Shields        | 4 |  4.6
Invocations    | 2 |  2.8
Evocations     | 1 |  1.8

Action                   |  1- 3 |  4- 6 |  7- 9 || total
-------------------------+-------+-------+-------++-------
Melee: War axe           |    95 |   119 |   228 ||   442
  Use: Scroll            |     6 |     2 |     7 ||    15
       Potion            |       |     1 |     4 ||     5
Armor: Scale mail        |    40 |       |       ||    40
       Chain mail        |    27 |   146 |   215 ||   388
Dodge: Dodged            |    42 |    63 |   104 ||   209
Block: Buckler           |    22 |    37 |    52 ||   111

Table legend: (Time is in decaauts)
 A = Elapsed time spent in this place.
 B = Non-inter-level travel time spent in this place.
 C = Inter-level travel time spent in this place.
 D = Time resting spent in this place.
 E = Time spent auto-exploring this place.
 F = Levels seen in this place.
 G = Mean time per level.
                   A        B        C        D        E       F      G
               +--------+--------+--------+--------+--------+-----+--------+
         Total |   7345 |   7119 |    226 |   2078 |   3597 |   7 | 1049.3 |
       Dungeon |   7160 |   6954 |    206 |   2078 |   3444 |   6 | 1193.3 |
        Temple |    185 |    165 |     20 |      0 |    153 |   1 |  185.0 |
               +--------+--------+--------+--------+--------+-----+--------+

Top non-repeatable levels by time:
     D:5: 2399 daAuts
     D:4: 1637 daAuts
     D:3: 1187 daAuts
     D:1: 712 daAuts
     D:2: 693 daAuts
     D:6: 531 daAuts
  Temple: 185 daAuts
